 Dungeon Crawl Stone Soup version 0.27.1-34-g3ba077fa99 (webtiles) character file.

Game seed: 9595491597847959005

391 wolfrpgdude the Magician (level 6, -11/47 HPs)
             Began as a Draconian Hedge Wizard on Jan 16, 2022.
             Mangled by Edmund (13 damage)
             ... on level 5 of the Dungeon.
             The game lasted 00:25:31 (5726 turns).

wolfrpgdude the Magician (Draconian Hedge Wizard)   Turns: 5726, Time: 00:25:32

Health: -11/47     AC: 11    Str: 14    XL:     6   Next: 50%
Magic:  12/13      EV: 12    Int: 15    God:
Gold:   16         SH:  0    Dex: 10    Spells: 3/14 levels left

rFire    . . .     SeeInvis +   e - +1 executioner's axe (vorpal)
rCold    . . .     Faith    .   (shield currently unavailable)
rNeg     . . .     Spirit   .   (armour unavailable)
rPois    .         Reflect  .   b - +2 hat
rElec    .         Harm     .   (no cloak)
rCorr    .         Rampage  .   c - +2 pair of gloves
Will     +....                  (no boots)
Stlth    ++........             (no amulet)
HPRegen  0.15/turn              l - ring of see invisible
MPRegen  0.13/turn              g - ring of willpower

@: no status effects
A: AC +6, unfitting armour, cold-blooded
a: no special abilities


You were on level 5 of the Dungeon.
You visited 1 branch of the dungeon, and saw 5 of its levels.

You collected 198 gold pieces.
You spent 182 gold pieces at shops.

Inventory:

Hand Weapons
 a - a +0 dagger
 e - a +1 vorpal executioner's axe (weapon)
 m - a +0 quarterstaff
 p - a +3 long sword of holy wrath
Armour
 b - a +2 hat (worn)
 c - a +2 pair of gloves (worn)
Jewellery
 g - a ring of willpower (right hand)
 l - a ring of see invisible (left hand)
Scrolls
 h - a scroll of blinking {unknown}
 i - 3 scrolls of identify
 j - a scroll of enchant armour
 k - a scroll of teleportation
 r - a scroll of noise {unknown}
 s - 3 scrolls of enchant weapon {unknown}
Potions
 d - 3 potions of heal wounds
 f - 2 potions of curing {unknown}
 n - a potion of flight {unknown}
 o - a potion of haste {unknown}
 q - 2 potions of ambrosia {unknown}


   Skills:
 + Level 1.6 Fighting
 - Level 1.0 Short Blades
 + Level 1.1 Axes
 - Level 2.3 Staves
 - Level 2.2 Dodging
 - Level 2.0 Stealth
 * Level 4.9 Spellcasting
 - Level 2.1 Conjurations
 - Level 2.0 Summonings
 - Level 1.0 Translocations
 - Level 0.6 Fire Magic


You had 3 spell levels left.
You knew the following spells:

 Your Spells              Type           Power      Damage    Failure   Level
a - Magic Dart            Conj           40%        1d5       7%          1
b - Call Imp              Summ           9%         N/A       11%         2
c - Blink                 Tloc           N/A        N/A       17%         2
d - Conjure Flame         Conj/Fire      7%         6-21      28%         3
e - Mephitic Cloud        Conj/Pois/Air  5%         N/A       36%         3

Your spell library contained the following spells:

 Spells                   Type           Power      Damage    Failure   Level
 Slow                     Hex            3%         N/A       26%         2


Dungeon Overview and Level Annotations

Branches:
Dungeon (5/15)
 Temple: D:4-7

Altars:
Okawaru
Xom
Yredelemnul

Shops:
D:4 (*

Annotations:
D:2 1 runed translucent door, Crazy Yiuf
D:5 Dowan, Edmund


Innate Abilities, Weirdness & Mutations

Your plain brown scales are hard. (AC +6)
You cannot fit into any form of body armour.
You are cold-blooded and may be slowed by cold attacks.


Message History

There is a stone staircase leading down here.
Found 3 scrolls labelled KAPTYSEHAMP.
s - 3 scrolls labelled KAPTYSEHAMP This spell is quite dangerous to cast!
Memorise Mephitic Cloud, consuming 3 spell levels and leaving 3?
You start memorising the spell.
You continue memorising. x3
You finish memorising.
Spell assigned to 'e'.
You open the door.
There is an open door here.
Done exploring.
Done exploring.
There is a stone staircase leading down here.
You climb downwards.
Level annotation: Dowan, Edmund
There is a stone staircase leading up here.
Casting: Magic Dart (safe; 7% risk of failure)
Confirm with . or Enter, or press ? or * to list all spells.
The spell is quite dangerous to cast (28% risk of failure)!
Continue anyway?
The fire begins to smoulder!
The fire ignites!
Found 8 bolts and a dark potion.
The helpless Edmund fails to defend himself.
You hit Edmund.
Edmund is lightly wounded.
Edmund hits you with a +2 vorpal dire flail.
You hit Edmund but do no damage.
Edmund is lightly wounded.
Edmund hits you with a +2 vorpal dire flail. x2
You barely miss Edmund.
Your tail-slap misses Edmund.
Edmund is lightly wounded.
Edmund hits you with a +2 vorpal dire flail! x2
You hit Edmund.
Edmund is lightly wounded.
Edmund hits you with a +2 vorpal dire flail!
* * * LOW HITPOINT WARNING * * *
x2 Edmund barely misses you.
You closely miss Edmund.
Edmund is lightly wounded.
Edmund hits you with a +2 vorpal dire flail!
You die...

. !# (## #..# ..#
.## ###.# ###
.....##..## #..
#...@@..###.#
#.###.##.#..#
#.##....#
#.##.#..#
#.#.....# #
#.......# ##
##.#######...###
#.. .#...# #...#
.e
#.##.####...##.###


You could see Edmund.

Vanquished Creatures
  A sky beast (D:3)
  A phantom (D:4)
  A scorpion (D:4)
  A centaur skeleton (D:4)
  An iguana (D:4)
  Robin (D:3)
  2 adders (D:4)
  An adder skeleton (D:4)
  A worm (D:3)
  2 dart slugs
  2 bats (D:3)
  9 endoplasms
  2 giant cockroaches
  13 goblins
  7 hobgoblins
  2 jackals (D:2)
  4 kobolds
  4 quokkas
  5 ball pythons
  6 frilled lizards
  A rat (D:1)
67 creatures vanquished.

Vanquished Creatures (collateral kills)
  An adder (D:3)
  A worm (D:2)
  2 dart slugs
  An orc (D:3)
  2 ball pythons
  An endoplasm (D:1)
  A giant cockroach (D:4)
  A goblin (D:2)
  2 jackals (D:2)
  2 quokkas
  A frilled lizard (D:3)
  2 kobolds (D:2)
17 creatures vanquished.

Grand Total: 84 creatures vanquished

Notes
Turn   | Place    | Note
-------+----------+-------------------------------------------
     0 | D:1      | wolfrpgdude the Draconian Hedge Wizard began the quest for
                  | the Orb.
     0 | D:1      | Reached XP level 1. HP: 14/14 MP: 4/4
   431 | D:1      | Found a faded altar of an unknown god.
   437 | D:1      | Reached XP level 2. HP: 20/20 MP: 0/6
   512 | D:1      | Learned a level 2 spell: Call Imp
   515 | D:1      | Learned a level 2 spell: Blink
  1423 | D:2      | Reached skill level 1 in Short Blades
  1536 | D:2      | Reached XP level 3. HP: 26/26 MP: 4/8
  1635 | D:2      | Learned a level 3 spell: Conjure Flame
  2507 | D:2      | Found a runed translucent door.
  2508 | D:2      | Noticed Crazy Yiuf
  2571 | D:3      | Found an iron altar of Okawaru.
  3009 | D:3      | You fall into a shaft and drop 2 floors!
  3009 | D:5      | Entered Level 5 of the Dungeon
  3015 | D:5      | Noticed Edmund
  3027 | D:5      | Noticed Dowan
  3227 | D:4      | Found a shimmering altar of Xom.
  3270 | D:3      | Noticed a sky beast
  3318 | D:3      | Killed a sky beast
  3319 | D:3      | Reached skill level 4 in Spellcasting
  3319 | D:3      | Reached XP level 4. HP: 14/33 MP: 6/10
  3319 | D:3      | Reached XP level 5. HP: 17/38 MP: 6/11
  3951 | D:3      | Noticed Robin
  3975 | D:3      | Killed Robin
  4354 | D:4      | Found Hathronegu's Antique Weapon Boutique.
  4439 | D:4      | Reached skill level 1 in Staves
  4486 | D:4      | Bought a glowing long sword for 182 gold pieces
  4493 | D:4      | Identified a scroll of acquirement
  4493 | D:4      | Acquired a +1 vorpal executioner's axe
  4780 | D:4      | Reached XP level 6. HP: 37/46 MP: 12/12
  4899 | D:4      | Reached skill level 1 in Fighting
  4913 | D:4      | Found Rel Wylei's Assorted Antiques.
  5017 | D:4      | Found a basalt altar of Yredelemnul.
  5169 | D:4      | Reached skill level 1 in Axes
  5634 | D:4      | Learned a level 3 spell: Mephitic Cloud
  5725 | D:5      | HP: 2/47 [Edmund (2)]
  5726 | D:5      | Mangled by Edmund

Illustrated notes

Levels and vault maps discovered:
D:1:      minmay_arrival_loop, layout_loops_ring, ebering_ecumenical_altar_ruins
D:2:      layout_basic, uniq_crazy_yiuf_cottage
D:3:      layout_basic, okawaru_gym_becter, uniq_robin
D:4:      layout_basic, mainiacjoe_overflow_big_doors, enter_ossuary_2,
          serial_shops, shop, nicolae_shop_waterfront
D:5:      layout_loops_cross, uniq_duvessa, uniq_sigmund, uniq_edmund

Skill      XL: |  1  2  3  4  5  6 |
---------------+-------------------+-----
Short Blades   | 1 |  1.0
Dodging        | 2 |  2.2
Spellcasting   | 4 |  4.9
Summonings     | 2 |  2.0
Conjurations   | 2 |  2.1
Staves         | 2 |  2.3
Fighting       | 1 |  1.6
Stealth        | 2 |  2.0
Axes           | 1 |  1.1
Translocations | |  1.0
Fire Magic     | |  0.6

Action                   |  1- 3 |  4- 6 || total
-------------------------+-------+-------++-------
Melee: Dagger            |    33 |       ||    33
       Tailslap          |     4 |    19 ||    23
       Quarterstaff      |    14 |    51 ||    65
       Executioner's axe |       |    78 ||    78
 Cast: Magic Dart        |    75 |    20 ||    95
       Call Imp          |    25 |     3 ||    28
       Conjure Flame     |     1 |     3 ||     4
  Use: Scroll            |       |    10 ||    10
 Stab: Sleeping          |     1 |     4 ||     5
Armor: Skin              |    28 |    69 ||    97
Dodge: Dodged            |    44 |   112 ||   156
